 Dungeon Crawl Stone Soup version 0.18.1-48-g4cf74bf (webtiles) character file.

1610 RickumRackum the Cleaver (level 8, 67/67 HPs)
             Began as a Pale Draconian Berserker on Aug 26, 2016.
             Was a Believer of Trog.
             Quit the game on level 5 of the Dungeon.
             The game lasted 00:25:40 (4537 turns).

RickumRackum the Cleaver (Pale Draconian Berserker) Turns: 4537, Time: 00:25:40

Health: 67/67      AC:  6    Str: 20    XL:     8   Next: 63%
Magic:  8/8        EV: 13    Int: 10    God:    Trog [**....]
Gold:   315        SH:  0    Dex: 12    Spells: 0 memorised, 7 levels left

rFire  . . .     SeeInvis +     s - +2 hand axe (venom)
rCold  . . .     Gourm    .     (armour unavailable)
rNeg   . . .     Faith    .     (no shield)
rPois  .         Spirit   .     (helmet restricted)
rElec  +         Dismiss  .     (no cloak)
rCorr  .         Reflect  .     (no gloves)
SustAt .         Harm     .     (no boots)
MR     .....                    (no amulet)
Stlth  +.........               (no ring)
                                c - ring of see invisible

@: not resistant to hostile enchantments, very unstealthy
A: breathe steam, unfitting armour, clever 1, electricity resistance,
cold-blooded, AC +6
a: Breathe Steam, Berserk, Trog's Hand, Burn Spellbooks, Renounce Religion


You were on level 5 of the Dungeon.
You worshipped Trog.
Trog was pleased with you.
You were not hungry.

You visited 1 branch of the dungeon, and saw 5 of its levels.

You collected 315 gold pieces.

Inventory:

Hand Weapons
 q - a +0 flail of crushing
 s - a +2 hand axe of venom (weapon)
 z - a cursed -1 long sword
 A - a +0 hunting sling
Missiles
 h - 145 stones
 l - 26 bolts
 m - 71 arrows
 n - 25 poisoned needles
 u - 4 tomahawks (quivered)
Armour
 p - a +0 shield
Jewellery
 c - a ring of see invisible (left hand)
 r - an uncursed ring of see invisible
Wands
 v - a wand of slowing (17/48)
Scrolls
 a - a scroll of teleportation
 e - 3 scrolls of identify
 j - a scroll of enchant weapon
 x - 2 scrolls of magic mapping
 y - a scroll of fog
 C - a scroll of remove curse
Potions
 g - 2 potions of curing
 k - a potion of magic
 t - a potion of haste
 w - 2 potions of degeneration {unknown}
Books
 D - a book of Maledictions

   Spells                             Type                      Level
   a - Corona                         Hexes                        1
   b - Ensorcelled Hibernation        Hexes/Ice                    2
   c - Confuse                        Hexes                        3
   d - Tukima's Dance                 Hexes                        3
   e - Dazzling Spray                 Conjuration/Hexes            3
   Trog disapproves of the use of such an item.
Comestibles
 b - 4 bread rations
 d - 3 meat rations
 f - 2 beef jerkies
 i - a royal jelly
 o - 6 fruits
 B - 6 chunks of flesh


   Skills:
 - Level 4.6 Fighting
 * Level 9.0 Axes
 - Level 4.0 Dodging
 + Level 5.2 Shields


You had 7 spell levels left.
You didn't know any spells.

Dungeon Overview and Level Annotations

Branches:
Dungeon (5/15)             Temple (0/1) D:4

Altars:
Cheibriados
Elyvilon
Pakellas
Yredelemnul

Shops:
D:4 }


Innate Abilities, Weirdness & Mutations

You can breathe blasts of scalding, opaque steam.
Your pale cyan-grey scales are hard (AC +6).
Your body does not fit into most forms of armour.
You are cold-blooded and may be slowed by cold attacks.
Your mind is acute. (Int +2)
You are resistant to electric shocks.


Message History

You closely miss the jackal.
The jackal is severely wounded.
The jackal barely misses you.
You closely miss the jackal.
The jackal is severely wounded.
The jackal closely misses you.
You miss the jackal. You tail-slap the jackal.
You kill the jackal!
Trog accepts your kill.
You see here a worm corpse.
You butcher the worm corpse.
B - 5 chunks of flesh (gained 1)
You see here a jackal corpse.
You butcher the jackal corpse.
B - 6 chunks of flesh (gained 1)
You see here a jackal skeleton.
Found 5 gold pieces.
D - a book of Maledictions Read which item? (? for menu, Esc to quit)
Are you sure you want to abandon this character and quit the game? (Confirm with "yes".)

**** *,* *,,** ###.$## ****
*,** *,*** # #.....#
*,,*#*,,** *,*,* ##
*#....##**,.#**,,***,,,, .##
### #.....# *..###*,,,,,***
..#####.#
*#....###....#*,,,,** *
.....##.# *#....#.....#*,,,**
* .......## ##...........,,,,*
.......#####....@.....#****,**
........##............# *,,*
...........รท.......#..# **,*
.......##..........#*.# *,****
....#..#####........#,* *,,**,
...###.#* #..........**
***,,,,, ...#*#..*
#.##........***,,,*,,,
....*##.*
*#.#####.....,>,,***,,,
*,,,,**,***..#
*#.,,,**,,,,,,,,


There were no monsters in sight!

Vanquished Creatures
  The ghost of Freud88 the Covered, an amateur DDFi (D:4)
  Edmund (D:4)
  A sky beast (D:5)
  2 phantoms (D:5)
  An ice beast (D:5)
  An ogre (D:4)
  Blork the orc (D:4)
  2 crimson imps (D:5)
  2 centaur skeletons
  3 hounds
  2 giant frog skeletons
  Natasha (twice) (D:2)
  2 worker ants (D:4)
  A hound skeleton (D:4)
  6 adders
  An ooze (D:1)
  3 worms
  3 dart slugs
  2 giant geckos
  4 orcs
  A ball python (D:4)
  6 giant cockroaches
  9 goblins
  9 hobgoblins
  6 jackals
  A ball python skeleton (D:5)
  7 bats
  A giant gecko zombie (D:5)
  2 giant newts
  A jackal skeleton (D:4)
  7 kobolds
  8 rats
99 creatures vanquished.

Notes
Turn   | Place    | Note
--------------------------------------------------------------
     0 | D:1      | RickumRackum the Draconian Berserker began the quest for the Orb.
     0 | D:1      | Reached XP level 1. HP: 19/19 MP: 1/1
    65 | D:1      | Gained mutation: Your mind is acute. (Int +2) [potion of beneficial mutation]
   245 | D:1      | Reached XP level 2. HP: 26/26 MP: 2/2
   530 | D:1      | Reached XP level 3. HP: 29/31 MP: 3/3
   842 | D:1      | Reached ** piety under Trog
  1067 | D:2      | Noticed Natasha
  1075 | D:2      | Killed Natasha
  1075 | D:2      | Reached skill level 4 in Axes
  1204 | D:2      | Reached XP level 4. HP: 38/40 MP: 4/4
  1531 | D:2      | Noticed Natasha
  1537 | D:2      | Killed Natasha
  2102 | D:3      | Reached XP level 5. HP: 34/46 MP: 5/5
  2361 | D:3      | Found a basalt altar of Yredelemnul.
  2418 | D:3      | Found a white marble altar of Elyvilon.
  2706 | D:3      | Found a snail-covered altar of Cheibriados.
  2867 | D:4      | Noticed an ogre
  2874 | D:4      | Reached skill level 1 in Shields
  2879 | D:4      | Killed an ogre
  2879 | D:4      | Reached skill level 5 in Axes
  2879 | D:4      | Reached XP level 6. HP: 53/53 MP: 6/6
  3044 | D:4      | Noticed Freud88's ghost (amateur DDFi)
  3221 | D:4      | Found a staircase to the Ecumenical Temple.
  3228 | D:4      | Noticed Edmund
  3247 | D:4      | Killed Edmund
  3247 | D:4      | Reached skill level 6 in Axes
  3247 | D:4      | Your scales start taking on a pale cyan-grey colour.
  3247 | D:4      | Reached XP level 7. HP: 47/60 MP: 7/7
  3404 | D:4      | Killed Freud88's ghost
  3532 | D:4      | Found an oddly glowing altar of Pakellas.
  3532 | D:4      | Found Pakellas's Prime Provisions.
  3557 | D:4      | Noticed Blork the orc
  3559 | D:4      | Killed Blork the orc
  3559 | D:4      | Reached skill level 7 in Axes
  3867 | D:5      | Entered Level 5 of the Dungeon
  3966 | D:5      | Reached skill level 8 in Axes
  3966 | D:5      | Reached XP level 8. HP: 67/67 MP: 8/8
  4208 | D:5      | Reached skill level 5 in Shields
  4327 | D:5      | Gained mutation: You are resistant to electric shocks. [potion of beneficial mutation]
  4517 | D:5      | Reached skill level 9 in Axes
  4537 | D:5      | Quit the game

Skill      XL: |  1  2  3  4  5  6  7  8 |
---------------+-------------------------+-----
Dodging        | 3 4 |  4.0
Axes           | 4 5 6 8 9 |  9.0
Fighting       | 4 |  4.6
Shields        | 1 2 4 5 |  5.2

Action                   |  1- 3 |  4- 6 |  7- 9 || total
-------------------------+-------+-------+-------++-------
Melee: Hand axe          |    88 |   155 |   115 ||   358
       Tailslap          |    12 |    22 |    19 ||    53
Throw: Tomahawk          |       |     4 |       ||     4
Invok: Trog's Hand       |     1 |     5 |     3 ||     9
       Berserk           |     1 |     4 |     3 ||     8
       Burn Spellbooks   |       |       |     1 ||     1
 Abil: Breathe Steam     |       |       |     2 ||     2
  Use: Potion            |     5 |     2 |     2 ||     9
       Scroll            |     2 |     7 |     1 ||    10
 Stab: Sleeping          |     1 |       |       ||     1
  Eat: Chunk             |     2 |    10 |     6 ||    18
       Bread ration      |       |       |     1 ||     1
Armor: Skin              |    35 |    42 |    24 ||   101
Dodge: Dodged            |    41 |   112 |    62 ||   215
